 Dungeon Crawl Stone Soup version 0.14.1-19-g9964f44 (webtiles) character file.

1520 Iskender the Covert (level 8, -3/30 HPs)
             Began as a Felid Chaos Knight on June 6, 2014.
             Was an Initiate of Vehumet.
             Slain by a hippogriff (5 damage)
             ... on Level 8 of the Dungeon.
             The game lasted 01:01:33 (8437 turns).

Iskender the Covert (Felid Chaos Knight)            Turns: 8437, Time: 01:01:35

HP  -3/30        AC  2     Str 10      XL: 8   Next: 18%
MP  14/14        EV 22     Int 14 (16) God: Vehumet [......]
Gold 349         SH  0     Dex 13      Spells:  0 memorised,  8 levels left
Lives: 0, deaths: 2

rFire  . . .     SeeInvis +       - Unarmed
rCold  . . .     Clarity  .     (armour unavailable)
rNeg   . . .     Conserve +     (shield unavailable)
rPois  +         rCorr    .     (helmet unavailable)
rElec  .         rRot     .     (cloak unavailable)
SustAb . .       Spirit   .     (gloves unavailable)
rMut   .         Warding  .     (boots unavailable)
Saprov . . .     Stasis   .     p - cursed amulet of conservation
MR     +....                    (no ring)
                                (no ring)

@: quick, somewhat resistant to hostile enchantments, very stealthy
A: paw claws, no armour, no weapons or thrown items, antennae 1, fangs 3, see
invisible, carnivore 3, clumsy 1, deterioration 1, speed 1, frail 1, poison
resistance, shaggy fur 2, slow metabolism 1, strong 1, jump 2
a: Jump Attack, Renounce Religion


You were on level 8 of the Dungeon.
You worshipped Vehumet.
Vehumet was noncommittal.
You were very full.

You visited 2 branches of the dungeon, and saw 9 of its levels.

You collected 349 gold pieces.

Inventory:

Hand weapons
 x - a +0,+0 halberd
Magical devices
 n - a wand of flame (13)
 u - a wand of enslavement (11)
Comestibles
 b - 2 beef jerkies
 c - 2 meat rations
 q - 18 cheeses
Scrolls
 a - 7 scrolls of remove curse
 g - 6 scrolls of teleportation
 s - a scroll of identify
 t - a scroll of blinking {unknown}
 v - a scroll of amnesia {unknown}
Jewellery
 h - an uncursed amulet of inaccuracy {unknown}
 p - a cursed amulet of conservation (around neck)
 w - an uncursed ring of poison resistance
Potions
 d - 2 potions of curing
 e - 4 potions of heal wounds
 f - a potion of berserk rage {unknown}
 i - a potion of paralysis {unknown}
 j - a potion of degeneration {unknown}
 k - 2 potions of brilliance {unknown}
 l - a potion of poison {unknown}
 m - a potion of flight {unknown}
 o - 2 potions of restore abilities {unknown}
 r - a potion of mutation {unknown}
 z - a potion of magic {unknown}
 A - a potion of cure mutation {unknown}


   Skills:
 - Level 3.0 Fighting
 - Level 8.1 Dodging
 - Level 8.3 Stealth
 + Level 8.2 Unarmed Combat
 - Level 0.6 Spellcasting


You had 8 spell levels left.
You didn't know any spells.

Dungeon Overview and Level Annotations

Branches:
Dungeon (8/15)             Temple (1/1) D:6
   Lair: D:8-11

Altars:
Ashenzari
Cheibriados
Dithmenos
Elyvilon
Fedhas
Kikubaaqudgha
Nemelex Xobeh
Sif Muna
Trog
Vehumet
Xom
Yredelemnul
Zin
The Shining One

Shops:
D:5 =

Annotations:
D:3 Terence
D:5 Menkaure


Innate Abilities, Weirdness & Mutations

You cannot wear armour.
You are incapable of wielding weapons or throwing items.
Your paws have sharp claws.
You have razor-sharp teeth.
You have supernaturally acute eyesight.
You are carnivorous and can eat meat at any time.
You cover ground quickly.
You are covered in thick fur (AC +2).
You have a slow metabolism.
You can jump attack at a medium distance.
You have a pair of small antennae on your head.
You are clumsy. (Dex -2)
Your body is slowly deteriorating.
You are frail (-10% HP).
Your system is resistant to poisons.
Your muscles are strong. (Str +2)


Message History

The hippogriff is moderately wounded.
The hippogriff barely misses you.
The hippogriff pecks you but does no damage.
The hippogriff misses you.
You claw the hippogriff!
The hippogriff is severely wounded.
The hippogriff bites you! The hippogriff completely misses you.
The hippogriff claws you.
You claw the hippogriff!
The hippogriff is almost dead.
The hippogriff completely misses you. x2
The hippogriff barely misses you.
You scratch the hippogriff.
The hippogriff is almost dead.
The hippogriff bites you!
* * * LOW HITPOINT WARNING * * *
The hippogriff pecks you!
* * * LOW HITPOINT WARNING * * *
The hippogriff claws you.
You die...

#...........# #.#
#########.#.# #.# .#.#.# #.#
#######.#.#.#######.#######
#.#.......#.#.#.........<.....
#.#.......#.#.#.#####.#######
#.#...........#.# #.#
#.#.#.....#.###.# #.#
#.#.......#..H@.#####.#
###.#.#.....#.........#.#
....#.#.....#...........#
....#.##.#..#..######.###
....#.##.#..#..# ..
................
#.###.#.##..#### #.#..^......#
#.#.#.####.##


You could see a hippogriff (bleeding).

Vanquished Creatures
  An ice beast (D:5)
  6 ogres
  A centaur (D:4)
  2 giant frogs (D:6)
  A scorpion (D:6)
  A crimson imp (D:8)
  2 hounds
  2 iguanas
  An orange rat (D:7)
  5 worker ants
  4 orc wizards
  A mummy (D:8)
  10 gnolls
  A worker ant zombie (D:5)
  4 green rats (D:7)
  6 adders
  2 giant mites
  An inept feature mimic (D:4)
  3 worms
  3 oozes
  9 orcs
  2 ball pythons (D:3)
  3 giant cockroaches
  11 hobgoblins
  5 quokkas
  12 bats
  3 giant geckos
  5 giant newts
  14 goblins
  6 jackals
  14 kobolds
  23 rats
164 creatures vanquished.

Vanquished Creatures (collateral kills)
  A giant frog (D:6)
  A scorpion (D:6)
  A worker ant (D:6)
  2 gnolls (D:6)
5 creatures vanquished.

Vanquished Creatures (others)
  A white imp (D:6)
1 creature vanquished.

Grand Total: 170 creatures vanquished

Notes
Turn   | Place    | Note
--------------------------------------------------------------
     0 | D:1      | Iskender, the Felid Chaos Knight, began the quest for the Orb.
     0 | D:1      | Reached XP level 1. HP: 10/10 MP: 2/2
    21 | D:1      | XOM: harmless Tloc miscast
   181 | D:1      | Reached XP level 2. HP: 14/14 MP: 3/3
   406 | D:1      | XOM: harmless Trmt miscast
   758 | D:1      | Reached XP level 3. HP: 8/17 MP: 5/5
  1482 | D:2      | Found a deep blue altar of Sif Muna.
  1686 | D:2      | Reached skill level 4 in Unarmed Combat
  1693 | D:3      | Noticed Terence
  1934 | D:3      | XOM: silly message
  1945 | D:3      | Reached XP level 4. HP: 6/21 MP: 7/7
  2362 | D:3      | XOM is BORED!
  2362 | D:3      | XOM: harmless Fire miscast
  2447 | D:3      | Noticed an ogre
  2709 | D:4      | Noticed an ogre
  2892 | D:4      | XOM: colour smoke trail
  2951 | D:4      | Reached XP level 5. HP: 21/24 MP: 8/8
  2991 | D:4      | XOM: mild Pois miscast
  2992 | D:4      | Reached skill level 5 in Unarmed Combat
  3178 | D:4      | XOM: potion effect (berserk rage)
  3264 | D:3      | XOM: give mutations
  3264 | D:3      | Gained mutation: Your muscles are strong. (Str +2) [Xom's mischief]
  3264 | D:3      | Gained mutation: Your body is slowly deteriorating. [Xom's mischief]
  3264 | D:3      | Gained mutation: Your magical capacity is low (-10% MP). [Xom's mischief]
  3413 | D:4      | XOM: chaos upgrade
  3444 | D:4      | Killed an ogre
  3444 | D:4      | Reached skill level 6 in Unarmed Combat
  3444 | D:4      | Gained mutation: You are covered in thick fur (AC +2). [growing up]
  3444 | D:4      | Gained mutation: You can jump attack at a medium distance. [growing up]
  3444 | D:4      | Reached XP level 6. HP: 24/28 MP: 9/9
  3670 | D:4      | Noticed a centaur
  3675 | D:4      | Killed a centaur
  3675 | D:4      | Reached skill level 5 in Stealth
  3718 | D:4      | XOM: give mutations
  3718 | D:4      | Gained mutation: You are clumsy. (Dex -2) [Xom's mischief]
  3718 | D:4      | Gained mutation: You are frail (-10% HP). [Xom's mischief]
  4188 | D:4      | XOM: severe Chrm miscast
  4188 | D:4      | Paralysed by the severe capriciousness of Xom for 4 turns
  4237 | D:3      | XOM: enchant monster (bad)
  4252 | D:3      | Killed an ogre
  4257 | D:3      | Reached XP level 7. HP: 22/27 MP: 10/10
  4297 | D:3      | XOM: enchant monster (bad)
  4501 | D:4      | XOM: harmless Divn miscast
  4634 | D:5      | Entered Level 5 of the Dungeon
  4635 | D:5      | XOM: medium Erth miscast
  4897 | D:4      | XOM: summons friendly crimson imp
  4904 | D:4      | Killed from afar by an orc wizard
  4905 | D:4      | Reached XP level 6. HP: -1/25 MP: 9/9
  4913 | D:4      | Reached skill level 7 in Unarmed Combat
  4998 | D:4      | XOM: divination: detect creatures
  5110 | D:5      | XOM: potion effect (brilliance)
  5408 | D:5      | XOM: cast spell 'Statue Form'
  5446 | D:5      | Found a white marble altar of Elyvilon.
  5479 | D:5      | XOM: confuse monster(s)
  5557 | D:5      | Reached skill level 5 in Dodging
  5557 | D:5      | Reached XP level 7. HP: 21/27 MP: 10/10
  5630 | D:5      | XOM: harmless Summ miscast
  5727 | D:5      | Found Xak Laqi's Jewellery Shoppe.
  5754 | D:5      | XOM: confuse monster(s)
  5779 | D:5      | Slain by an ogre
  5780 | D:5      | Reached XP level 6. HP: -5/25 MP: 9/9
  5787 | D:5      | Noticed Menkaure
  6047 | D:5      | XOM: torment (13/25 hp)
  6186 | D:6      | XOM: cast spell 'Statue Form'
  6204 | D:6      | Reached XP level 7. HP: 27/27 MP: 10/10
  6204 | D:6      | XOM: vitrification
  6251 | D:6      | Found a staircase to the Ecumenical Temple.
  6291 | Temple   | Entered the Ecumenical Temple
  6465 | D:6      | XOM: summons friendly white imp
  6468 | D:6      | XOM: confuse monster(s)
  6487 | D:6      | XOM: 1-stop teleportation journey
  6552 | D:6      | Found a shattered altar of Ashenzari.
  6587 | D:6      | Found a glowing silver altar of Zin.
  6589 | D:6      | Noticed an angel
  6594 | D:6      | XOM: noise
  7017 | D:6      | XOM: give mutations
  7017 | D:6      | Lost mutation: Your magical capacity is low (-10% MP). [Xom's grace]
  7017 | D:6      | Gained mutation: You have a pair of small antennae on your head. [Xom's grace]
  7017 | D:6      | Gained mutation: Your system is resistant to poisons. [Xom's grace]
  7172 | D:6      | Reached skill level 8 in Unarmed Combat
  7577 | D:7      | Found a radiant altar of Vehumet.
  7586 | D:7      | Fell from the grace of Xom
  7586 | D:7      | Became a worshipper of Vehumet
  7706 | D:7      | Reached XP level 8. HP: 30/30 MP: 14/14
  8333 | D:8      | XOM: 3-stop teleportation journey
  8437 | D:8      | Slain by a hippogriff

Action                   |  1- 3 |  4- 6 |  7- 9 || total
-------------------------+-------+-------+-------++-------
Melee: Unarmed           |   155 |   188 |   216 ||   559
 Abil: Jump Attack       |     2 |     2 |     2 ||     6
Evoke: Wand              |       |     1 |     1 ||     2
  Use: Scroll            |       |     5 |     4 ||     9
       Potion            |       |     2 |       ||     2
 Stab: Sleeping          |     5 |     8 |    11 ||    24
       Distracted        |       |     2 |       ||     2
